AoeStats
← user9747

Arena

506178150Analyzed
4v4 RM · 20d ago on Sep 12, 2026· 69m 2s· 8 players
Game mode
Random Map
Map size
Large (8 player)
Population
200
Speed
Normal
Resources
Standard
Victory
Conquest
Starting age
Dark Age
Ending age
Imperial Age
RankedLock teamsTeams togetherTeam positionsShared explorationLock speedFull tech treeHidden civsTurbo modeCheats
Victory
Defeat
🇹🇼 Persians · Taiwan
1009
+11
🇦🇺 Britons · Australia
952
+13
🇩🇪 Byzantines · Germany
930
+14
🇹🇼 Italians · Taiwan
827
+18
🇮🇳 Italians · India
909
-15
🇮🇳 Hindustanis · India
897
-14
🇮🇳 Bengalis · India
876
-14
🇮🇳 Vikings · India
868
-13
juan8022622
10:26 Feudal Age
15:54 Castle Age
14:02 Double-Bit Axe
14:32 Stone Mining
15:49 Loom
15:53 Horse Collar
18:02 Bow Saw
18:11 Fletching
24:09 Heavy Plow
25:38 Wheelbarrow
29:09 Hand Cart
30:55 Gold Mining
33:02 Stone Shaft Mining
34:32 Bloodlines
37:03 Imperial Age
35:00 Husbandry
35:17 Forging
35:12 Scale Barding Armor
35:02 Light Cavalry
36:48 Crossbowman
37:34 Thumb Ring
37:36 Padded Archer Armor
37:29 Hussar
37:37 Hussar
37:52 Elite Skirmisher
41:33 Iron Casting
41:21 Chain Barding Armor
41:48 Crop Rotation
42:21 Two-Man Saw
43:22 Blast Furnace
42:56 Cavalier
44:58 Plate Barding Armor
49:51 Arbalester
50:45 Pikeman
51:25 Squires
52:23 Town Watch
53:00 Ballistics
53:40 Chemistry
52:53 Masonry
52:24 Treadmill Crane
52:39 Heated Shot
53:42 Bodkin Arrow
54:03 Leather Archer Armor
59:12 Bracer
59:58 Ring Archer Armor
69:31 Hoardings
日月戰神
0:30 Loom
11:13 Feudal Age
12:57 Wheelbarrow
12:05 Horse Collar
12:12 Double-Bit Axe
19:02 Stone Mining
19:11 Gold Mining
22:23 Castle Age
23:04 Hand Cart
22:54 Heavy Plow
23:14 Bow Saw
28:51 Stone Shaft Mining
29:38 Gold Shaft Mining
29:20 Town Watch
30:42 Caravan
31:12 Coinage
33:01 Town Patrol
37:17 Imperial Age
37:27 Imperial Age
35:28 Kamandaran
36:04 Scale Barding Armor
36:00 Scale Mail Armor
36:10 Forging
36:01 Padded Archer Armor
36:01 Fletching
38:23 Crop Rotation
37:51 Guard Tower
38:12 Masonry
38:56 Chain Mail Armor
39:17 Iron Casting
39:06 Chain Barding Armor
38:58 Siphons
38:57 Murder Holes
39:30 Conscription
40:33 Banking
40:14 Guilds
39:54 Sappers
43:22 Hoardings
43:00 Heated Shot
43:30 Ballistics
43:56 Architecture
43:06 Pikeman
43:50 Squires
43:38 Arson
44:30 Man-at-Arms
44:55 Gambesons
47:22 Plate Barding Armor
47:23 Plate Mail Armor
48:23 Blast Furnace
47:36 Incendiaries
48:32 Chemistry
47:20 Long Swordsman
47:36 Halberdier
48:15 Cavalier
48:56 Husbandry
49:23 Leather Archer Armor
49:04 Bodkin Arrow
49:24 Bodkin Arrow
49:53 Heavy Camel Rider
49:54 Light Cavalry
51:23 Bloodlines
52:30 Two-Man Saw
52:33 Clinker Construction
52:33 Careening
52:57 Hussar
56:11 Elite Skirmisher
57:14 Crossbowman
61:57 Ring Archer Armor
62:14 Thumb Ring
63:05 Carvel Hull
62:55 Careening
66:08 Dry Dock
69:53 Parthian Tactics
noremorse
10:38 Feudal Age
11:34 Loom
13:07 Double-Bit Axe
16:06 Castle Age
21:03 Town Watch
22:01 Wheelbarrow
22:59 Hand Cart
23:20 Bow Saw
23:06 Gold Mining
27:06 Fletching
27:16 Padded Archer Armor
30:47 Imperial Age
28:24 Horse Collar
28:38 Stone Mining
30:03 Gold Shaft Mining
30:52 Elite Longbowman
31:39 Bodkin Arrow
32:52 Conscription
33:45 Yeomen
34:08 Leather Archer Armor
33:53 Bracer
39:18 Ring Archer Armor
48:54 Hoardings
50:38 Caravan
Schnipzl
2:17 Loom
11:04 Feudal Age
12:56 Wheelbarrow
12:05 Horse Collar
12:12 Double-Bit Axe
19:59 Castle Age
18:17 Gold Mining
18:28 Stone Mining
20:14 Forging
20:18 Scale Barding Armor
21:05 Heavy Plow
21:17 Bow Saw
23:54 Hand Cart
24:11 Husbandry
28:00 Gold Shaft Mining
28:03 Stone Shaft Mining
28:09 Iron Casting
29:31 Chain Barding Armor
29:02 Fletching
34:14 Imperial Age
32:22 Bodkin Arrow
32:28 Padded Archer Armor
32:15 Crossbowman
33:01 Thumb Ring
34:31 Leather Archer Armor
36:04 Crop Rotation
36:36 Two-Man Saw
35:28 Arbalester
36:00 Cavalier
37:41 Bracer
40:04 Plate Barding Armor
40:14 Paladin
42:35 Chemistry
41:56 Ballistics
41:32 Murder Holes
41:48 Fortified Wall
41:19 Treadmill Crane
45:46 Ring Archer Armor
46:14 Conscription
45:24 Elite Skirmisher
46:35 Caravan
60:57 Light Cavalry
62:34 Hussar
64:51 Hoardings
66:05 Bombard Tower
Ryuuji Kenshi
10:22 Feudal Age
14:04 Castle Age
12:09 Loom
12:12 Double-Bit Axe
13:00 Horse Collar
14:59 Bow Saw
21:53 Wheelbarrow
23:55 Gold Mining
25:27 Hand Cart
25:12 Fletching
25:30 Squires
25:33 Padded Archer Armor
25:51 Bodkin Arrow
27:27 Stone Mining
27:57 Leather Archer Armor
28:15 Ballistics
31:19 Imperial Age
29:48 Forging
31:24 Ballistics
33:13 Chemistry
32:18 Bracer
32:51 Elite Genoese Crossbowman
35:17 Silk Road
35:48 Ring Archer Armor
36:54 Scale Mail Armor
51:33 Chain Mail Armor
54:39 Conscription
54:30 Caravan
57:25 Plate Mail Armor
63:23 Elite Skirmisher
64:10 Thumb Ring
uchiha7itachi
11:28 Feudal Age
15:21 Castle Age
13:33 Double-Bit Axe
13:40 Horse Collar
17:48 Bow Saw
23:26 Stone Mining
23:27 Gold Mining
29:24 Imperial Age
27:51 Pikeman
29:00 Man-at-Arms
29:44 Gambesons
30:12 Forging
30:02 Scale Mail Armor
29:27 Elite Skirmisher
30:35 Conscription
30:18 Bogsveigar
30:42 Fletching
30:52 Padded Archer Armor
31:17 Ballistics
31:58 Chemistry
32:05 Iron Casting
30:54 Long Swordsman
31:49 Two-Handed Swordsman
32:30 Squires
32:16 Arson
33:39 Chain Mail Armor
35:48 Blast Furnace
34:43 Bodkin Arrow
35:04 Leather Archer Armor
34:15 Crossbowman
36:11 Gold Shaft Mining
35:01 Arbalester
37:00 Champion
37:57 Chieftains
CookieHunter
10:59 Feudal Age
9:39 Loom
14:46 Castle Age
14:14 Double-Bit Axe
14:25 Horse Collar
16:16 Wheelbarrow
18:28 Bow Saw
21:43 Fletching
26:15 Gold Mining
29:39 Imperial Age
27:35 Bodkin Arrow
27:03 Elite Skirmisher
28:32 Padded Archer Armor
30:35 Hand Cart
30:39 Bracer
30:45 Crossbowman
31:56 Leather Archer Armor
32:43 Chemistry
32:22 Ballistics
32:40 Arbalester
35:16 Conscription
37:27 Siege Engineers
38:42 Mahayana
38:34 Elite Elephant Archer
40:44 Block Printing
47:34 Illumination
52:21 Sanctity
58:47 Siege Elephant
62:30 Scale Barding Armor
user9747
12:51 Feudal Age
18:46 Castle Age
19:28 Wheelbarrow
18:39 Loom
21:26 Hand Cart
23:17 Horse Collar
23:56 Double-Bit Axe
24:05 Elite Skirmisher
26:19 Bow Saw
30:46 Forging
30:37 Padded Archer Armor
30:29 Fletching
31:15 Ballistics
35:55 Grand Trunk Road
35:49 Gold Mining
37:36 Gold Shaft Mining
36:53 Stone Mining
37:10 Heavy Plow
39:50 Imperial Age
39:29 Husbandry
39:40 Bloodlines
39:51 Leather Archer Armor
39:31 Bodkin Arrow
40:36 Heavy Camel Rider
43:16 Chemistry
44:16 Scale Barding Armor
44:42 Ring Archer Armor
44:13 Bracer
44:08 Imperial Camel Rider
49:56 Shatagni
50:30 Chain Barding Armor
50:46 Iron Casting
Connection lost

Rejoining the realm…

Still unreachable

The connection could not be restored.

Session expired

The server has moved on; the page needs a fresh start.